[ AOE2 MATCH · #495182262 ]
UnrankedPersians vs Huns
Player's team · WIN
[ REPLAY ANALYSIS · EXTRACTED FROM THE RECORDED GAME ]
Feudal
—
Castle
—
Imperial
—
| APM avg | 61.1 |
| APM peak | 88 |
| eAPM avg | 20.8 |
| Villagers / military | 30 / 0 |
Focus
⚔️ 23.7% · 🌾 76.3%
Feudal
10:26
Castle
—
Imperial
—
| APM avg | 70.2 |
| APM peak | 106 |
| eAPM avg | 21.6 |
| Villagers / military | 25 / 0 |
Focus
⚔️ 29.6% · 🌾 70.4%
Match map
Initial resources + every placement click. Lines = walls · curves = elevation contours. ◆ gold · ⬟ stone · ● berries · ✦ relic · ◌ wall gap
Your base
Beny's base
Smoothed initial terrain · ◌ = detected wall gap · hover for details
Inputs per minute
— [GDL] Faraon - - Beny
Build order — [GDL] Faraon
40 actions detected in the replay
| 0:00 | Create | Villager (Male) |
| 0:01 | Create | Villager (Male) |
| 0:01 | Create | Villager (Male) |
| 0:01 | Create | Villager (Male) |
| 0:02 | Create | Villager (Male) |
| 0:03 | Build | House |
| 0:06 | Build | House |
| 1:30 | Build | House |
| 1:51 | Create | Villager (Male) |
| 2:39 | Create | Villager (Male) |
| 2:40 | Create | Villager (Male) |
| 2:43 | Build | Lumber Camp |
| 2:45 | Build | House |
| 2:46 | Build | House |
| 2:49 | Create | Villager (Male) |
| 2:49 | Create | Villager (Male) |
| 3:29 | Create | Villager (Male) |
| 3:31 | Create | Villager (Male) |
| 3:44 | Create | Villager (Male) |
| 4:18 | Create | Villager (Male) |
| 4:18 | Create | Villager (Male) |
| 4:22 | Build | Mill |
| 4:44 | Create | Villager (Male) |
| 4:45 | Create | Villager (Male) |
| 5:31 | Research | Loom |
| 6:06 | Create | Villager (Male) |
| 6:52 | Create | Villager (Male) |
| 6:52 | Create | Villager (Male) |
| 7:39 | Create | Villager (Male) |
| 8:21 | Build | Town Center |
| 9:06 | Create | Villager (Male) |
| 9:06 | Create | Villager (Male) |
| 9:07 | Create | Villager (Male) |
| 9:26 | Create | Villager (Male) |
| 10:37 | Create | Villager (Male) |
| 10:37 | Create | Villager (Male) |
| 11:05 | Create | Villager (Male) |
| 11:05 | Create | Villager (Male) |
| 11:10 | Build | House |
| 11:46 | Create | Villager (Male) |
Build order — Beny
50 actions detected in the replay
| 0:00 | Create | Villager (Male) |
| 0:01 | Create | Villager (Male) |
| 0:01 | Create | Villager (Male) |
| 0:01 | Create | Villager (Male) |
| 1:14 | Create | Villager (Male) |
| 1:29 | Build | Lumber Camp |
| 1:51 | Create | Villager (Male) |
| 1:51 | Create | Villager (Male) |
| 2:16 | Create | Villager (Male) |
| 2:16 | Create | Villager (Male) |
| 2:41 | Create | Villager (Male) |
| 3:04 | Create | Villager (Male) |
| 3:31 | Create | Villager (Male) |
| 4:06 | Create | Villager (Male) |
| 4:26 | Create | Villager (Male) |
| 5:04 | Create | Villager (Male) |
| 5:04 | Create | Villager (Male) |
| 5:30 | Create | Villager (Male) |
| 5:35 | Create | Villager (Male) |
| 5:42 | Build | Barracks |
| 6:40 | Build | Mill |
| 6:44 | Research | Loom |
| 7:11 | Create | Villager (Male) |
| 7:26 | Build | Mining Camp |
| 7:41 | Create | Villager (Male) |
| 7:59 | Build | Farm |
| 8:00 | Build | Farm |
| 8:16 | Research | Feudal Age |
| 8:16 | Research | Feudal Age |
| 8:29 | Build | Palisade Wall |
| 8:47 | Create | Villager (Male) |
| 9:13 | Build | Palisade Wall |
| 9:15 | Build | Palisade Wall |
| 9:19 | Build | Palisade Wall |
| 9:21 | Build | Palisade Wall |
| 9:26 | Build | Palisade Wall |
| 9:27 | Build | Palisade Wall |
| 9:34 | Create | Villager (Male) |
| 9:39 | Build | Palisade Wall |
| 9:43 | Build | Palisade Wall |
| 9:52 | Build | Palisade Wall |
| 9:57 | Build | Palisade Wall |
| 10:05 | Create | Villager (Male) |
| 10:13 | Build | Palisade Wall |
| 10:15 | Build | Palisade Wall |
| 10:16 | Build | Palisade Wall |
| 10:26 | Age | Feudal Age |
| 10:27 | Build | Palisade Wall |
| 10:57 | Create | Villager (Male) |
| 11:17 | Create | Villager (Male) |
Match timeline
| 5:42 | Beny · first_building Barracks |
| 8:29 | Beny · wall_segment Palisade Wall x1 |
| 9:13 | Beny · wall_segment Palisade Wall x1 |
| 9:15 | Beny · wall_segment Palisade Wall x1 |
| 9:19 | Beny · wall_segment Palisade Wall x1 |
| 9:21 | Beny · wall_segment Palisade Wall x1 |
| 9:26 | Beny · wall_segment Palisade Wall x1 |
| 9:27 | Beny · wall_segment Palisade Wall x1 |
| 9:39 | Beny · wall_segment Palisade Wall x1 |
| 9:43 | Beny · wall_segment Palisade Wall x1 |
| 9:52 | Beny · wall_segment Palisade Wall x1 |
| 9:57 | Beny · wall_segment Palisade Wall x1 |
| 10:13 | Beny · wall_segment Palisade Wall x1 |
| 10:15 | Beny · wall_segment Palisade Wall x1 |
| 10:16 | Beny · wall_segment Palisade Wall x1 |
| 10:26 | Beny · age_up feudal |
| 10:27 | Beny · wall_segment Palisade Wall x1 |
| 11:55 | Beny · resign |
[ AI ANALYSIS · 1 CREDIT ]
What really happened in this match?
Wolo.gg analyzes every decision: build order, eco, micro, common mistakes by bracket. Personalized analysis on WhatsApp or Discord in 30 seconds.
Civ guide
Persians
Perfil
[GDL] Faraon